 Dungeon Crawl Stone Soup version 0.28.0-1-gb440e238dd (webtiles) character file.

Game seed: 11496527445825055413

108 pkoi the Grave Robber (level 4, 0/33 HPs)
             Began as a Draconian Necromancer on Feb 21, 2022.
             Slain by an ice beast (12 damage)
             ... on level 3 of the Dungeon.
             The game lasted 00:04:07 (3248 turns).

pkoi the Grave Robber (Draconian Necromancer)       Turns: 3248, Time: 00:04:08

Health: 0/33       AC:  8    Str: 11    XL:     4   Next: 58%
Magic:  2/7        EV: 12    Int: 17    God:
Gold:   49         SH:  0    Dex: 11    Spells: 2/7 levels left

rFire   . . .      SeeInvis .   l - +2 short sword (venom)
rCold   . . .      Faith    .   (no shield)
rNeg    . . .      Spirit   .   (armour unavailable)
rPois   .          Reflect  .   (helmet restricted)
rElec   .          Harm     .   b - +0 cloak
rCorr   .          Rampage  .   (no gloves)
Will    .....                   d - +1 pair of boots
Stlth   ++........              (no amulet)
HPRegen 0.11/turn               (no ring)
MPRegen 0.10/turn               (no ring)

@: slowed, very slow
A: AC +5, unfitting armour, cold-blooded
a: no special abilities


You were on level 3 of the Dungeon.
You visited 1 branch of the dungeon, and saw 3 of its levels.

You collected 49 gold pieces.

Inventory:

Hand Weapons
 e - a +0 short sword
 i - a +0 whip
 l - a +2 short sword of venom (weapon)
 m - a +0 dagger of electrocution
Armour
 b - a +0 cloak (worn)
 d - a +1 pair of boots (worn)
Potions
 a - a potion of brilliance {unknown}
 j - a potion of attraction {unknown}
 n - a potion of berserk rage {unknown}
 o - a potion of degeneration {unknown}
 p - a potion of heal wounds {unknown}


   Skills:
 - Level 1.7 Dodging
 - Level 1.7 Stealth
 - Level 2.0 Spellcasting
 + Level 6.0 Necromancy


You had 2 spell levels left.
You knew the following spells:

 Your Spells              Type           Power      Damage    Failure   Level
a - Pain                  Necr           88%        1d8       1%          1
b - Animate Dead          Necr           11%        N/A       16%         4

Your spell library contained the following spells:

 Spells                   Type           Power      Damage    Failure   Level
 Animate Skeleton         Necr           44%        N/A       1%          1
 Vampiric Draining        Necr           22%        2d7       4%          3
 Agony                    Necr           22%        N/A       41%         5


Dungeon Overview and Level Annotations

Branches:
Dungeon (3/15)

Altars:


Innate Abilities, Weirdness & Mutations

Your plain brown scales are hard. (AC +5)
You cannot fit into any form of body armour.
You are cold-blooded and may be slowed by cold attacks.


Message History

* * * LOW HITPOINT WARNING * * *
You closely miss the ice beast.
The ice beast is moderately wounded.
The ice beast closely misses you.
You hit the ice beast but do no damage.
The ice beast is moderately wounded.
You feel yourself speed up.
The ice beast hits you but does no damage.
The ice beast barely misses you.
You barely miss the ice beast.
Your tail-slap misses the ice beast.
The ice beast is moderately wounded.
The ice beast hits you.
* * * LOW HITPOINT WARNING * * *
The ice beast freezes you.
* * * LOW HITPOINT WARNING * * *
Unknown command.
You hit the ice beast.
Your tail-slap misses the ice beast.
The ice beast is moderately wounded.
The ice beast hits you but does no damage.
Unknown command.
Aiming: Pain (safe; 1% risk of failure)
Press: ? - help, Q - select action Shift-Dir - straight line, f/p - ice beast
Aim: an ice beast (moderately wounded, chance to affect: 81%)
The ice beast writhes in agony.
The ice beast closely misses you.
Unknown command.
Aiming: Pain (safe; 1% risk of failure)
Press: ? - help, Q - select action Shift-Dir - straight line, f/p - ice beast
Aim: an ice beast (moderately wounded, chance to affect: 81%)
The ice beast barely resists.
The ice beast hits you but does no damage.
Unknown command.
Aiming: Pain (safe; 1% risk of failure)
Press: ? - help, Q - select action Shift-Dir - straight line, f/p - ice beast
Aim: an ice beast (moderately wounded, chance to affect: 81%)
The ice beast writhes in agony.
The ice beast hits you.
* * * LOW HITPOINT WARNING * * *
The ice beast freezes you!
You feel yourself slow down.
You die...

..............#................#.
####..........[##............##..
#...........#.#..........#.#..
#............#.##......##.#...
#.............##.#....#.##....
#......###....#.#.#..#.#.#....
#......##......#.# ..##.#.....
........##.......##....##......
.........#.....@................
..........#......Y...... ........
####......#......$.##... ##......
#########......#.##.. #.#.....
#.....#.#.#.. #.#....
#!....##.#.. #.##.... #....#. #
... . #.#... #...# # .. ..#.#..
....##..


You could see an ice beast.

Vanquished Creatures
  Terence (D:2)
  2 adders (D:2)
  A shadow imp (D:3)
  A worm (D:2)
  3 dart slugs (D:1)
  2 orcs
  4 endoplasms (D:1)
  3 giant cockroaches
  3 goblins (D:2)
  4 hobgoblins
  4 jackals (D:2)
  3 kobolds
  A quokka (D:2)
  4 ball pythons
  6 bats (D:1)
  3 frilled lizards (D:1)
  A rat (D:2)
46 creatures vanquished.

Vanquished Creatures (others)
  7 plants (D:1)
7 creatures vanquished.

Grand Total: 53 creatures vanquished

Notes
Turn   | Place    | Note
-------+----------+-------------------------------------------
     0 | D:1      | pkoi the Draconian Necromancer began the quest for the Orb.
     0 | D:1      | Reached XP level 1. HP: 14/14 MP: 3/3
   362 | D:1      | Reached XP level 2. HP: 12/20 MP: 3/5
  1328 | D:1      | Reached skill level 5 in Necromancy
  1328 | D:1      | Reached XP level 3. HP: 22/26 MP: 2/6
  2133 | D:2      | Noticed Terence
  2168 | D:2      | Killed Terence
  2169 | D:2      | Reached XP level 4. HP: 21/33 MP: 2/7
  3010 | D:2      | Reached skill level 6 in Necromancy
  3175 | D:3      | Learned a level 4 spell: Animate Dead
  3234 | D:3      | Noticed an ice beast
  3248 | D:3      | Slain by an ice beast

Illustrated notes

Levels and vault maps discovered:
D:1:      erik_arrival_blinker_ship, layout_rooms, serial_bayou_lake_a
D:2:      layout_basic, uniq_terence
D:3:      layout_basic, shapermc_ecumenical_altar_notcrosses,
          minmay_misc_feat_secret_circle

Skill      XL: |  1  2  3  4 |
---------------+-------------+-----
Necromancy     | 5 6 |  6.0
Dodging        | |  1.7
Stealth        | |  1.7
Spellcasting   | |  2.0

Action                   |  1- 3 |  4- 6 || total
-------------------------+-------+-------++-------
Melee: Short sword       |    23 |    17 ||    40
       Unarmed           |     7 |       ||     7
       Tailslap          |     8 |     4 ||    12
       Punch             |     2 |     1 ||     3
       Whip              |     1 |       ||     1
 Cast: Pain              |    57 |    23 ||    80
  Use: Scroll            |       |     5 ||     5
Armor: Skin              |    10 |    12 ||    22
Dodge: Dodged            |    23 |    11 ||    34
